[Event "Titled Tuesday Blitz February 21 Late 2023"]
[White "Jorajuria Mendoza, Algol"]
[Black "Santos Flores, Alberto"]
[WhiteFideId "5128897"]
[BlackFideId "3601234"]
[WhiteElo "2069"]
[BlackElo "2164"]
[Result "0-1"]
[Round "04"]
[TimeControl "180+2"]
[Date "2023.02.21"]
[WhiteClock "0:00:01"]
[BlackClock "0:00:42"]

1. e4 c5 2. Nf3 Nc6 3. Bb5 g6 4. O-O Bg7 5. c3 Nf6 6. Re1 O-O 7. h3 d5 8. e5 Ne8 9. d4 cxd4 10. cxd4 Nc7 11. Bxc6 bxc6 12. Nbd2 a5 13. Nb3 Ne6 14. Qc2 Qb6 15. Be3 a4 16. Nc5 Nxc5 17. dxc5 Qb7 18. g4 Rb8 19. Rab1 h5 20. Qxa4 hxg4 21. hxg4 Qb4 22. Qxb4 Rxb4 23. g5 Bf5 24. a3 Rb7 25. Bd4 Bxb1 26. Rxb1 Rb3 27. Kg2 Rfb8 28. Rd1 e6 29. Bc3 Rxb2 30. Bxb2 Rxb2 31. Nd4 Bxe5 32. Nxc6 Bc7 33. Nb4 Rb3 34. Rd3 Rxd3 35. Nxd3 Kf8 36. Kf3 e5 37. Ke3 Ke7 38. Nb4 Ke6 39. f3 Bd8 40. a4 Bxg5+ 41. Kd3 Bd8 42. Nc6 Be7 43. a5 Bxc5 44. a6 Kf5 45. a7 Bxa7 46. Nxa7 Kf4 47. Nc6 f5 48. Ke2 g5 49. Kf2 d4 50. Nb4 e4 51. fxe4 fxe4 52. Nd5+ Ke5 53. Ne7 e3+ 54. Kf3 g4+ 0-1


[Site "https://www.chess.com"]

[Event "Titled Tuesday Blitz February 21 Late 2023"]
[White "Lucassen, Mickey"]
[Black "Postma, Dinant"]
[WhiteFideId "12919110"]
[BlackFideId "1018612"]
[WhiteElo "2023"]
[BlackElo "2131"]
[Result "0-1"]
[Round "04"]
[TimeControl "180+2"]
[Date "2023.02.21"]
[WhiteClock "0:00:10"]
[BlackClock "0:00:20"]

1. e4 c6 2. d4 d5 3. e5 Bf5 4. h4 h5 5. Bg5 Qb6 6. Bd3 Qxd4 7. Nf3 Qg4 8. Bxf5 Qxf5 9. O-O f6 10. exf6 gxf6 11. Nd4 Qg4 12. f3 Qd7 13. Re1 fxg5 14. Qd3 Rh6 15. hxg5 Rd6 16. Qh7 Na6 17. Qxh5+ Kd8 18. Qf7 Kc7 19. Qxg8 e5 20. Rxe5 Bg7 21. Qxa8 Bxe5 22. Qxa7 Qg7 23. c3 Qxg5 24. Na3 Rg6 25. g4 Qe3+ 26. Kg2 Qd2+ 27. Kf1 Rh6 28. Nab5+ cxb5 29. Nxb5+ Kc8 30. Qa8+ Nb8 31. Na7+ Kd8 0-1


[Site "https://www.chess.com"]

[Event "Titled Tuesday Blitz February 21 Late 2023"]
[White "Golubev, Mikhail"]
[Black "Benmesbah, Natacha"]
[WhiteFideId "14100983"]
[BlackFideId "642002"]
[WhiteElo "2461"]
[BlackElo "2261"]
[Result "1-0"]
[Round "04"]
[TimeControl "180+2"]
[Date "2023.02.21"]
[WhiteClock "0:00:05"]
[BlackClock "0:00:08"]

1. e4 c5 2. Ne2 Nc6 3. Nbc3 g6 4. d4 cxd4 5. Nxd4 Bg7 6. Be3 Nf6 7. Nxc6 bxc6 8. e5 Nd5 9. Nxd5 cxd5 10. Qxd5 Rb8 11. O-O-O O-O 12. Bxa7 Rb7 13. Bd4 Qc7 14. Qc5 Qxc5 15. Bxc5 Bxe5 16. Bd4 Bf4+ 17. Kb1 d5 18. g3 Bd6 19. f4 Bg4 20. Rd3 Bf5 21. Rb3 Rc7 22. Bd3 f6 23. Bxf5 gxf5 24. Re1 Re8 25. Rbe3 Kf7 26. b3 Rec8 27. c3 Kg6 28. R1e2 h5 29. h4 Kf7 30. a4 Rb7 31. Ka2 Rcb8 32. b4 Rc8 33. a5 Rb5 34. a6 Ke8 35. a7 Kd7 36. Kb3 Ra8 37. Ra2 Rb7 38. Ra6 Rc7 39. Ka4 Rc4 40. Kb3 Bxb4 41. cxb4 Rxd4 42. b5 Rd2 43. b6 Rd1 44. Kc2 Rd4 45. b7 Rc4+ 46. Kd2 Rd4+ 47. Ke2 Rxa7 48. Rxa7 Kc7 49. Rxe7+ 1-0


[Site "https://www.chess.com"]

[Event "Titled Tuesday Blitz February 21 Late 2023"]
[White "Vaglio Munoz, Jaime"]
[Black "Karwowski, Kacper"]
[WhiteFideId "6500145"]
[BlackFideId "1126032"]
[WhiteElo "2174"]
[BlackElo "2164"]
[Result "0-1"]
[Round "04"]
[TimeControl "180+2"]
[Date "2023.02.21"]
[WhiteClock "0:00:20"]
[BlackClock "0:00:03"]

1. Nf3 Nf6 2. b3 d5 3. Bb2 Bf5 4. d3 e6 5. Nh4 Bg6 6. Nxg6 hxg6 7. g3 c6 8. Bg2 Nbd7 9. a3 e5 10. e4 d4 11. O-O c5 12. a4 Bd6 13. Na3 Qe7 14. Nc4 Bc7 15. a5 O-O 16. f4 b5 17. axb6 axb6 18. f5 Rxa1 19. Qxa1 b5 20. Nd2 gxf5 21. Rxf5 Ng4 22. Nf1 Bd6 23. Qa5 b4 24. Bc1 g6 25. Rf3 Kg7 26. Qa7 Qe6 27. h3 Ngf6 28. g4 Be7 29. Bg5 Rc8 30. Ng3 Qc6 31. Qa1 Ra8 32. Qf1 Ra2 33. Qc1 Qa6 34. Bh6+ Kh7 35. g5 Ra1 36. Qxa1 Qxa1+ 37. Rf1 Qb2 38. gxf6 Bxf6 39. Bg5 Bxg5 40. Rxf7+ Kh6 41. Rxd7 Qxc2 42. Rd6 Be3+ 43. Kh1 Qxd3 44. Nf5+ Kh7 45. Rd7+ Kg8 46. Ne7+ Kf7 47. Nd5+ Ke8 48. Re7+ Kd8 49. Rg7 Qd1+ 50. Kh2 Bf4+ 51. Nxf4 exf4 52. Rxg6 Qd2 53. Rf6 d3 54. e5 Qe3 55. e6 Ke7 56. Rf7+ Kxe6 57. Rf8 d2 58. Re8+ Kf5 59. Rxe3 fxe3 60. Bf3 c4 61. bxc4 b3 62. Bd1 b2 63. Bc2+ Kf4 64. Kg2 b1=Q 65. Bxb1 d1=Q 66. Bg6 Qd2+ 67. Kg1 Kg3 68. Kf1 Qf2# 0-1


[Site "https://www.chess.com"]

[Event "Titled Tuesday Blitz February 21 Late 2023"]
[White "mohsengabr2002"]
[Black "Mortazavi, Ali"]
[BlackFideId "401323"]
[WhiteElo "2349"]
[BlackElo "2333"]
[Result "1/2-1/2"]
[Round "04"]
[TimeControl "180+2"]
[Date "2023.02.21"]
[WhiteClock "0:00:19"]
[BlackClock "0:00:17"]

1. b3 b6 2. a4 Bb7 3. a5 bxa5 4. Rxa5 c5 5. Ra4 Nf6 6. Bb2 e6 7. e3 Qc7 8. Nf3 Nc6 9. Rg1 h5 10. h3 h4 11. Rxh4 Rxh4 12. Nxh4 a5 13. Bb5 Nb4 14. Nc3 Qh2 15. Rf1 g5 16. Nf3 Qxg2 17. Be2 g4 18. hxg4 Nxg4 19. Nh4 Qh3 20. Bxg4 Qxh4 21. Nb5 O-O-O 22. Be5 d6 23. Bg3 Nxc2+ 24. Qxc2 Qxg4 25. d4 Ba6 26. Qc4 Qe4 27. Nxd6+ Rxd6 28. Qxc5+ Kd7 29. Bxd6 Bxd6 30. Qa7+ Bb7 31. Qxa5 Qd3 32. Qa4+ Ke7 33. Qc4 Qb1+ 34. Ke2 Qb2+ 35. Kd3 f5 36. f3 Bd5 37. Qc3 Qxb3 38. Qxb3 Bxb3 39. Rb1 Bd5 40. e4 fxe4+ 41. fxe4 Bc6 42. Rb6 Bd7 43. d5 e5 44. Kc4 Bg4 45. Rb7+ Kf6 46. Kd3 Bc5 47. Rc7 Bd4 48. Rc6+ Ke7 49. Rg6 Bd7 50. Rg7+ Kd6 51. Rg6+ Kc5 52. Rg7 Bb5+ 53. Kd2 Kc4 54. Rc7+ Bc5 55. d6 Kd4 56. d7 Bb4+ 57. Kc1 Ba3+ 58. Kc2 Bxd7 59. Rxd7+ Kxe4 60. Ra7 Bc5 61. Ra4+ Bd4 62. Kd2 Kf3 63. Ra3+ Ke4 64. Rh3 Kd5 65. Rh5 Ke4 66. Rh4+ Kd5 67. Kd3 Kc5 68. Ke4 Kc4 69. Rh8 Kc5 70. Rc8+ Kd6 71. Rc2 Ke6 72. Rc6+ Kd7 73. Kd5 Ke7 74. Re6+ Kd7 75. Ra6 Ke7 76. Rh6 Kf7 77. Ke4 Kg7 78. Rb6 Kf7 79. Ra6 Ke7 80. Rg6 Kf7 81. Rc6 Ke7 82. Kd5 Kf7 83. Re6 Kg7 84. Kd6 Kf7 85. Kd7 Kg7 86. Ke7 Bc5+ 87. Ke8 Bd4 88. Kd7 Kf7 89. Kd6 Kg7 90. Kd5 Kf7 91. Ra6 Kg7 92. Ke4 Kf7 93. Kf5 Ke7 94. Re6+ Kd7 95. Rg6 Ke7 96. Rg7+ Kd6 97. Rg6+ Kd5 98. Rg4 Kc4 99. Ke4 Kc5 100. Rg3 Kd6 101. Rg6+ Ke7 102. Ra6 Kf7 103. Kf5 Ke7 104. Ke4 Kd7 105. Kd5 Ke7 106. Ra7+ Kf6 107. Ke4 Ke6 108. Ra6+ Ke7 109. Rg6 Kf7 1/2-1/2


[Site "https://www.chess.com"]

[Event "Titled Tuesday Blitz February 21 Late 2023"]
[White "Vega Gutierrez, Sabrina"]
[Black "Guzman Moneo, Alberto"]
[WhiteFideId "2219026"]
[BlackFideId "2209616"]
[WhiteElo "2377"]
[BlackElo "2170"]
[Result "1-0"]
[Round "04"]
[TimeControl "180+2"]
[Date "2023.02.21"]
[WhiteClock "0:00:08"]
[BlackClock "0:00:46"]

1. e4 c5 2. Nf3 Nc6 3. d4 cxd4 4. Nxd4 g6 5. c4 Nf6 6. Nc3 d6 7. Be2 Nxd4 8. Qxd4 Bg7 9. Be3 O-O 10. Qd3 a5 11. O-O a4 12. f4 Be6 13. f5 Bd7 14. Bd4 Bc6 15. Rad1 Nd7 16. b4 axb3 17. axb3 Bxd4+ 18. Qxd4 Qb6 19. Qxb6 Nxb6 20. f6 exf6 21. Rxf6 Ra3 22. Nd5 Bxd5 23. exd5 Rd8 24. c5 dxc5 25. Rxb6 Rd7 26. Bc4 Kg7 27. Re1 h5 28. h4 Ra2 29. Re8 Rd2 30. Rb5 Rc7 31. Re2 Rd4 32. g3 Kh6 33. Kf2 g5 34. Re8 gxh4 35. gxh4 Rxh4 36. Rb8 Re7 37. R5xb7 Ree4 38. Rxf7 Rd4 39. Rf3 Rh2+ 40. Ke3 Rc2 41. Rb6+ Kg5 42. d6 Rc3+ 43. Kf2 Rd2+ 44. Be2 Rcc2 45. Re3 h4 46. Rb8 Rxd6 47. Rg8+ Kf6 48. Rg4 Rd4 49. Rxd4 cxd4 50. Rd3 Ke5 51. Rh3 Rb2 52. Ke1 Rb1+ 53. Kd2 Rb2+ 54. Kd1 Rb1+ 55. Kc2 Re1 56. Bc4 Re4 57. Kd3 Rg4 58. b4 Rg3+ 59. Rxg3 hxg3 60. Ke2 Ke4 61. b5 g2 62. Kf2 d3 63. Bxd3+ Kxd3 64. b6 g1=Q+ 65. Kxg1 1-0


[Site "https://www.chess.com"]

[Event "Titled Tuesday Blitz February 21 Late 2023"]
[White "Mazurkiewicz, Michal"]
[Black "Romero Ruscalleda, Josep"]
[WhiteFideId "1124943"]
[BlackFideId "2231859"]
[WhiteElo "2145"]
[BlackElo "2160"]
[Result "0-1"]
[Round "04"]
[TimeControl "180+2"]
[Date "2023.02.21"]
[WhiteClock "0:00:02"]
[BlackClock "0:00:56"]

1. e4 g6 2. d4 Bg7 3. Nc3 d6 4. f4 a6 5. Nf3 b5 6. a3 Bb7 7. Bd3 Nd7 8. O-O c5 9. dxc5 Nxc5 10. Be3 Nxd3 11. Qxd3 Nf6 12. Kh1 O-O 13. Rad1 Rc8 14. Bd4 Qa5 15. Qe3 Ng4 16. Qg1 Bxd4 17. Qxd4 Rc4 18. Qg1 b4 19. axb4 Qxb4 20. h3 Nf6 21. e5 dxe5 22. Nxe5 Rxf4 23. Rxf4 Qxf4 24. Qd4 Qg3 25. Rd2 Qxh3+ 26. Kg1 Qg3 27. Rf2 h5 28. Ne2 Qg5 29. Qc5 Ne4 30. Nxf7 Qxc5 0-1


[Site "https://www.chess.com"]

[Event "Titled Tuesday Blitz February 21 Late 2023"]
[White "Womacka, Mathias"]
[Black "Prieto Aranguren, Alain"]
[WhiteFideId "4611390"]
[BlackFideId "2268906"]
[WhiteElo "2396"]
[BlackElo "2258"]
[Result "1/2-1/2"]
[Round "04"]
[TimeControl "180+2"]
[Date "2023.02.21"]
[WhiteClock "0:00:09"]
[BlackClock "0:00:06"]

1. e4 c6 2. d4 d5 3. Nd2 a6 4. Bd3 g6 5. h3 Bg7 6. Ngf3 dxe4 7. Nxe4 Nf6 8. Nxf6+ exf6 9. O-O O-O 10. Bf4 a5 11. Qd2 Na6 12. Bh6 Nb4 13. Bxg7 Kxg7 14. Be2 Re8 15. c3 Nd5 16. Rfe1 Qd6 17. a4 Bd7 18. Bc4 Nf4 19. Rxe8 Rxe8 20. Re1 Rxe1+ 21. Qxe1 Bf5 22. Qe3 Be6 23. Bf1 Bd5 24. Nd2 h5 25. Nc4 Qc7 26. h4 Ne6 27. Nd2 Nf8 28. Ne4 Nd7 29. c4 Be6 30. Qg3 Qxg3 31. Nxg3 Nb6 32. b3 Nd7 33. Ne4 Kf8 34. f3 Ke7 35. Kf2 b6 36. Ke3 Nb8 37. Nc3 Na6 38. Bd3 Nb4 39. Be4 Bd7 40. d5 c5 41. Bb1 f5 42. Kf4 Kf6 43. Nd1 Bc8 44. Ne3 Bd7 45. Nf1 Bc8 46. Ng3 Bd7 47. Ne2 Bc8 48. Nc3 Bd7 49. g3 Be8 50. Nd1 Bd7 51. Nf2 Bc8 52. Nh3 Bd7 53. Ng5 Bc8 54. Nh7+ Kg7 55. Ng5 Kf6 56. Nh3 Bd7 57. Ng1 Bc8 58. Ne2 Bd7 59. Nc1 Bc8 60. Na2 Bd7 61. Nxb4 axb4 62. Bd3 Bc8 63. Ke3 Ke5 64. f4+ Kd6 65. Be2 Bd7 66. Bf3 Bc8 67. Kd2 Bd7 68. Ke3 Bc8 69. Kd2 Bd7 70. Ke3 1/2-1/2


[Site "https://www.chess.com"]

[Event "Titled Tuesday Blitz February 21 Late 2023"]
[White "Paspuel, Trosky"]
[Black "Bon, Michael"]
[WhiteFideId "3602150"]
[BlackFideId "620696"]
[WhiteElo "1721"]
[BlackElo "2394"]
[Result "0-1"]
[Round "04"]
[TimeControl "180+2"]
[Date "2023.02.21"]
[WhiteClock "0:00:03"]
[BlackClock "0:00:06"]

1. c4 e5 2. g3 Nf6 3. Bg2 Nc6 4. Nc3 Bb4 5. Nd5 Bc5 6. a3 a6 7. b4 Ba7 8. e3 Nxd5 9. cxd5 Ne7 10. Ne2 d6 11. O-O O-O 12. d4 Ng6 13. Bb2 Re8 14. dxe5 Nxe5 15. h3 Bf5 16. g4 Bd3 17. Bxe5 Bxe2 18. Qxe2 Rxe5 19. Rac1 Bb6 20. Rc4 Qd7 21. Re4 Rae8 22. Rxe5 Rxe5 23. Rc1 f5 24. gxf5 Rxf5 25. Qg4 Qf7 26. Be4 Rxf2 27. Qc8+ Qf8 28. Qxf8+ Rxf8 29. Rc3 Re8 30. Bf5 Bxe3+ 31. Kg2 Bb6 32. Be6+ Kh8 33. a4 a5 34. bxa5 Bxa5 35. Rb3 Bb6 36. a5 Bxa5 37. Rxb7 Bb6 38. Kf3 g6 39. Kg4 Kg7 40. h4 Kf6 41. Kf3 Ke5 42. Kg4 Rf8 43. Kg3 Kd4 44. Kg4 Kc5 45. Kg5 Kb5 46. Bd7+ Ka6 47. Bc6 Rf5+ 48. Kh6 Rh5+ 49. Kg7 Rxh4 50. Rb8 Rh2 51. Ra8+ Ba7 52. Rc8 Kb6 53. Re8 g5 54. Re4 h5 55. Rb4+ Kc5 56. Ra4 Bb6 57. Ra3 g4 58. Rc3+ Kd4 59. Rc2 Rxc2 0-1


[Site "https://www.chess.com"]

[Event "Titled Tuesday Blitz February 21 Late 2023"]
[White "CheckBits"]
[Black "Jenkins, Drake"]
[BlackFideId "2022397"]
[WhiteElo "2452"]
[BlackElo "2130"]
[Result "1-0"]
[Round "04"]
[TimeControl "180+2"]
[Date "2023.02.21"]
[WhiteClock "0:00:23"]
[BlackClock "0:00:01"]

1. d4 Nf6 2. Nf3 c5 3. e3 g6 4. Bd3 Bg7 5. O-O d6 6. c3 Nbd7 7. Nbd2 O-O 8. e4 e5 9. d5 a6 10. a4 Rb8 11. Nc4 Qc7 12. a5 b5 13. axb6 Nxb6 14. Nfd2 Ne8 15. Na5 f5 16. f3 f4 17. Qe2 Ra8 18. Ndc4 Nd7 19. Nc6 Ndf6 20. b4 cxb4 21. Nxb4 g5 22. Nc6 g4 23. Ba3 Bd7 24. N4a5 g3 25. h3 Qb6+ 26. Kh1 Qe3 27. Rfe1 Qxe2 28. Rxe2 Kf7 29. Rb2 h5 30. Rb7 Rd8 31. Bxa6 Kg6 32. c4 h4 33. Rab1 Nh5 34. Rxd7 1-0


[Site "https://www.chess.com"]

[Event "Titled Tuesday Blitz February 21 Late 2023"]
[White "Liu, Casper"]
[Black "Bambino Filho, Antonio Carlos"]
[WhiteFideId "1454153"]
[BlackFideId "2113163"]
[WhiteElo "2278"]
[BlackElo "2144"]
[Result "0-1"]
[Round "04"]
[TimeControl "180+2"]
[Date "2023.02.21"]
[WhiteClock "0:00:20"]
[BlackClock "0:00:44"]

1. d4 Nf6 2. Nf3 d5 3. Bf4 c5 4. e3 Nc6 5. Nbd2 e6 6. c3 Qb6 7. Qb3 Be7 8. Bd3 c4 9. Qxb6 axb6 10. Bc2 b5 11. e4 b4 12. exd5 Nxd5 13. Be5 Nxe5 14. Nxe5 b5 15. cxb4 Bxb4 16. O-O Bxd2 17. a4 Bf4 18. axb5 Rxa1 19. Rxa1 Bxe5 20. dxe5 O-O 21. Ra4 Bb7 22. Rxc4 Rc8 23. b3 Nb6 24. Rd4 Bd5 25. Bd1 Rc1 26. f4 Kf8 27. Kf2 Ke7 28. g4 Rb1 29. Rd3 Rb2+ 30. Ke3 Rxh2 31. Kd4 Kd7 32. Kc5 Kc7 33. f5 Nd7+ 34. Kd4 Kb6 35. Rc3 Rd2+ 36. Rd3 Rxd3+ 37. Kxd3 Nxe5+ 38. Kd4 Nd7 39. Be2 Kc7 40. b4 Kd6 41. fxe6 fxe6 42. Bd3 e5+ 43. Ke3 h6 44. Bf5 Nb6 45. Bd3 Bc4 46. Bxc4 Nxc4+ 47. Ke4 Ke6 48. Kd3 Nb6 49. Ke4 g6 50. Ke3 Kd5 51. Kd3 e4+ 52. Ke3 Ke5 53. Ke2 Kd4 54. Kd2 e3+ 55. Ke2 Ke4 56. Ke1 h5 57. g5 h4 58. Kf1 Kf3 59. Kg1 e2 60. Kh2 e1=Q 61. Kh3 Qg3# 0-1


[Site "https://www.chess.com"]

[Event "Titled Tuesday Blitz February 21 Late 2023"]
[White "Kleiman, Jake"]
[Black "Buscar, Michael"]
[WhiteFideId "2020041"]
[BlackFideId "2603616"]
[WhiteElo "2399"]
[BlackElo "2041"]
[Result "1-0"]
[Round "04"]
[TimeControl "180+2"]
[Date "2023.02.21"]
[WhiteClock "0:00:09"]
[BlackClock "0:00:10"]

1. h4 h5 2. e4 e5 3. Nf3 Nf6 4. Nxe5 d6 5. Nf3 Nxe4 6. d3 Nf6 7. d4 Bg4 8. Bg5 d5 9. Nbd2 Nbd7 10. c3 c6 11. Qb3 Qb6 12. Qc2 O-O-O 13. O-O-O Bd6 14. Bd3 Kb8 15. Rhe1 Rde8 16. Rxe8+ Rxe8 17. Re1 Qd8 18. Re3 Re7 19. Qd1 Qe8 20. Qe1 Rxe3 21. Qxe3 Qxe3 22. fxe3 Kc7 23. Bf4 Bxf4 24. exf4 Ne8 25. Kd1 Nd6 26. Ke2 Bf5 27. Nf1 Bxd3+ 28. Kxd3 Nf6 29. Ne3 Nfe4 30. Ng5 Kd7 31. b3 Ke7 32. c4 Nxg5 33. hxg5 Ke6 34. a4 Nf5 35. Nd1 Nh4 36. Ne3 Nf5 37. Nc2 Nh4 38. Ne1 Nf5 39. Nf3 f6 40. gxf6 gxf6 41. a5 a6 42. Ke2 dxc4 43. bxc4 Nd6 44. Kd3 Nf5 45. Kc3 Ng3 46. Kd3 Nf5 47. Ne1 Nh4 48. Ke4 Kd6 49. d5 Kc5 50. g3 Ng6 51. Nd3+ Kd6 52. c5+ Kd7 53. d6 h4 54. gxh4 Nxh4 55. Nf2 f5+ 56. Ke5 Nf3+ 57. Kxf5 Nd4+ 58. Ke4 Nb3 59. Nd3 Nxa5 60. Ne5+ Ke6 61. f5+ Kf6 62. d7 1-0


[Site "https://www.chess.com"]

[Event "Titled Tuesday Blitz February 21 Late 2023"]
[White "Becerra, Juan David"]
[Black "Ward, Ieuan C"]
[WhiteFideId "4404998"]
[BlackFideId "406627"]
[WhiteElo "2382"]
[BlackElo "2028"]
[Result "1-0"]
[Round "04"]
[TimeControl "180+2"]
[Date "2023.02.21"]
[WhiteClock "0:01:28"]
[BlackClock "0:00:32"]

1. d4 Nf6 2. c4 e6 3. Nc3 Bb4 4. a3 Bxc3+ 5. bxc3 d5 6. cxd5 exd5 7. Bg5 O-O 8. e3 Bf5 9. Bd3 Bxd3 10. Qxd3 Nbd7 11. Ne2 h6 12. Bh4 c6 13. O-O b5 14. f3 Qe7 15. Ng3 Qe6 16. Nf5 Rfe8 17. Rae1 c5 18. e4 dxe4 19. fxe4 Nxe4 20. Ne7+ Rxe7 21. Bxe7 Qxe7 22. Rxe4 Qd6 23. Qf3 Rf8 24. Rg4 cxd4 25. cxd4 Nb6 26. Qf5 a6 27. Qf6 Qxf6 28. Rxf6 Rb8 29. Rxh6 a5 30. Rh3 b4 31. axb4 axb4 32. Rb3 Nc4 33. d5 1-0


[Site "https://www.chess.com"]

[Event "Titled Tuesday Blitz February 21 Late 2023"]
[White "Zampronha, Wladimir Camilo"]
[Black "Koutlas, Nikolaos"]
[WhiteFideId "2103087"]
[BlackFideId "25827138"]
[WhiteElo "2176"]
[BlackElo "2341"]
[Result "0-1"]
[Round "04"]
[TimeControl "180+2"]
[Date "2023.02.21"]
[WhiteClock "0:00:08"]
[BlackClock "0:00:07"]

1. e4 g6 2. d4 Bg7 3. Nc3 d6 4. Bg5 h6 5. Be3 Nf6 6. f3 c6 7. Qd2 b5 8. O-O-O b4 9. Nce2 Qa5 10. Kb1 Be6 11. Nc1 c5 12. dxc5 dxc5 13. Bxc5 Nc6 14. Be3 Rb8 15. Nb3 Bxb3 16. cxb3 g5 17. Bc4 O-O 18. Ne2 Ne5 19. h4 Rfd8 20. Qc2 g4 21. f4 Nxc4 22. Rxd8+ Rxd8 23. Qxc4 Rd7 24. Ng3 Qd8 25. Nf5 Rc7 26. Qd4 Rd7 27. Qc4 a5 28. Nxg7 Kxg7 29. Qe2 h5 30. e5 Ne4 31. Rc1 Nd2+ 32. Bxd2 Rxd2 33. Qe4 Qd4 34. Qxd4 Rxd4 35. Rc5 Rxf4 36. Rxa5 Rf1+ 37. Kc2 Rf2+ 38. Kc1 Rxg2 39. a4 Rf2 40. Rd5 g3 41. Rd1 g2 42. a5 Rf1 43. a6 g1=Q 0-1


[Site "https://www.chess.com"]

[Event "Titled Tuesday Blitz February 21 Late 2023"]
[White "Buchenau, Frank"]
[Black "Herbst, Richard"]
[WhiteFideId "4604350"]
[BlackFideId "2041251"]
[WhiteElo "2222"]
[BlackElo "2120"]
[Result "1-0"]
[Round "04"]
[TimeControl "180+2"]
[Date "2023.02.21"]
[WhiteClock "0:01:23"]
[BlackClock "0:01:35"]

1. e4 c5 2. Nf3 Nc6 3. Bb5 g6 4. Bxc6 dxc6 5. d3 Bg7 6. O-O Bg4 7. Nbd2 Nf6 8. h3 Bxf3 9. Nxf3 Nd7 10. c3 O-O 11. Be3 Qc7 12. Qb3 b6 13. Rfd1 Rad8 14. d4 cxd4 15. cxd4 c5 16. Rac1 Rc8 17. a4 Rfe8 18. d5 h6 19. Qd3 Kh7 20. b4 Qd6 21. b5 Ne5 22. Nxe5 Bxe5 23. Qd2 h5 24. f4 Bg7 25. e5 Qd7 26. Qe2 Qf5 27. g4 hxg4 28. hxg4 Qe4 29. Rc4 1-0


[Site "https://www.chess.com"]

[Event "Titled Tuesday Blitz February 21 Late 2023"]
[White "Ardila, Oscar Humberto"]
[Black "Kochetov, Andrey"]
[WhiteFideId "4404742"]
[BlackFideId "24130532"]
[WhiteElo "1982"]
[BlackElo "2165"]
[Result "0-1"]
[Round "04"]
[TimeControl "180+2"]
[Date "2023.02.21"]
[WhiteClock "0:00:44"]
[BlackClock "0:00:05"]

1. d4 Nf6 2. c4 e6 3. Nc3 c5 4. dxc5 Bxc5 5. Nf3 O-O 6. e3 b6 7. Be2 Bb7 8. O-O d5 9. cxd5 Nxd5 10. Nxd5 Bxd5 11. Qc2 Qe7 12. Bd2 Rd8 13. Bc3 Bb7 14. Qa4 Nc6 15. Qg4 f6 16. Bc4 Re8 17. Rfd1 Kh8 18. a3 a5 19. Rac1 e5 20. Bb5 Red8 21. Nh4 Rxd1+ 22. Rxd1 Rd8 23. Nf5 Rxd1+ 24. Qxd1 Qd8 25. Qxd8+ Nxd8 26. b4 axb4 27. axb4 Bf8 28. Bd7 Bc6 29. Bc8 Kg8 30. f3 Kf7 31. e4 g6 32. Ne3 Ke8 33. Kf2 Nb7 34. Nd5 Bxd5 35. exd5 Nd6 36. Ke3 Nxc8 37. Kd3 Nd6 38. Bd2 Kd7 39. f4 Nf7 40. Be3 Bxb4 41. Bxb6 exf4 42. Ke4 Bd6 43. Bd4 Be5 44. Bc5 Nd6+ 45. Kf3 Nb7 46. Bb4 Bd6 47. Bc3 Be7 48. Kxf4 Kd6 49. Bb4+ Nc5 50. g4 Kxd5 51. h4 Ne6+ 52. Kf3 Bxb4 53. g5 fxg5 0-1


[Site "https://www.chess.com"]

[Event "Titled Tuesday Blitz February 21 Late 2023"]
[White "Krstulovic, Alex"]
[Black "De Souza, Cristiano Gomes"]
[WhiteFideId "760056"]
[BlackFideId "2151758"]
[WhiteElo "2428"]
[BlackElo "2018"]
[Result "0-1"]
[Round "04"]
[TimeControl "180+2"]
[Date "2023.02.21"]
[WhiteClock "0:02:00"]
[BlackClock "0:02:46"]

1. e4 c5 2. Nf3 d6 3. d4 cxd4 4. Nxd4 Nf6 5. Nc3 a6 6. Bg5 e6 7. f4 Be7 8. Qf3 h6 9. Bh4 g5 10. fxg5 Nfd7 11. Nxe6 fxe6 12. Qh5+ Kf8 13. Bb5 Rh7 14. O-O+ Kg8 15. g6 Rg7 16. Bc4 Ne5 17. Bxe7 Qxe7 18. Qxh6 Rxg6 19. Qh3 Nxc4 0-1


[Site "https://www.chess.com"]

[Event "Titled Tuesday Blitz February 21 Late 2023"]
[White "Jimenez Garcia, Emmanuel"]
[Black "Mendez Machado, Andre"]
[WhiteFideId "6504779"]
[BlackFideId "6603793"]
[WhiteElo "2410"]
[BlackElo "1974"]
[Result "0-1"]
[Round "04"]
[TimeControl "180+2"]
[Date "2023.02.21"]
[WhiteClock "0:00:11"]
[BlackClock "0:00:06"]

1. e4 e5 2. Bc4 Nc6 3. Nc3 Nf6 4. d3 Bc5 5. a3 d6 6. f4 Ng4 7. Nh3 Qh4+ 8. Kf1 Nf2 9. Qf3 Bxh3 10. gxh3 Nxh1 11. Be3 Bxe3 12. Qxe3 exf4 13. Qd2 Qxh3+ 14. Kg1 Nd4 15. Qxf4 O-O 16. Kxh1 Qf3+ 17. Qxf3 Nxf3 18. Nd5 c6 19. Ne7+ Kh8 20. Nf5 Rad8 21. Rf1 Nd2 22. Rf2 Nxc4 23. dxc4 g6 24. Ng3 Kg7 25. Kg2 d5 26. exd5 cxd5 27. c5 Rc8 28. b4 b6 29. cxb6 axb6 30. Rd2 Rfd8 31. Ne2 Ra8 32. Rd3 Rac8 33. Nd4 Rc4 34. Kf3 Re8 35. c3 Re1 36. Nb5 Rh1 37. Kg2 Ra1 38. Rxd5 h5 39. Rd7 Ra2+ 40. Kf3 Rh4 41. Nd6 Rhxh2 42. Rxf7+ Kh6 43. Ke4 Rhe2+ 44. Kd5 h4 45. Rf8 Rad2+ 46. Kc6 Re6 47. Rh8+ Kg5 48. Rd8 Rdxd6+ 49. Rxd6 Rxd6+ 50. Kxd6 h3 51. c4 h2 52. c5 bxc5 53. bxc5 h1=Q 54. c6 Qh8 55. Kd7 Qg7+ 56. Kd8 Qf8+ 57. Kd7 Qf7+ 58. Kd8 Kf6 59. c7 Qe7+ 60. Kc8 Qe8+ 61. Kb7 Qb5+ 62. Ka8 Qa6+ 63. Kb8 Qb6+ 64. Kc8 Ke6 65. Kd8 Kd6 66. Ke8 Qxc7 67. Kf8 Ke6 68. Kg8 Kf6 69. Kh8 Qg7# 0-1


[Site "https://www.chess.com"]

[Event "Titled Tuesday Blitz February 21 Late 2023"]
[White "Kohler, Aran"]
[Black "Poeta, Caio Medeiros"]
[WhiteFideId "1002856"]
[BlackFideId "2142660"]
[WhiteElo "2010"]
[BlackElo "2088"]
[Result "0-1"]
[Round "04"]
[TimeControl "180+2"]
[Date "2023.02.21"]
[WhiteClock "0:00:24"]
[BlackClock "0:01:57"]

1. Nf3 Nf6 2. d4 g6 3. Bg5 Bg7 4. Nbd2 O-O 5. e3 c5 6. c3 d5 7. Bd3 b6 8. Qe2 Bb7 9. h4 h5 10. Ne5 c4 11. Bc2 Nbd7 12. f4 Nxe5 13. fxe5 Ng4 14. O-O-O b5 15. Rdf1 Qd7 16. e4 e6 17. exd5 exd5 18. Rh3 a5 19. Rhf3 Rae8 20. Qd1 b4 21. Ba4 Bc6 22. Bxc6 Qxc6 23. Bf6 Nh2 24. Bxg7 Kxg7 25. Rf6 Qb7 26. R1f4 bxc3 27. bxc3 Rb8 28. Qc2 Ng4 29. Nf3 Ne3 30. Ng5 Nxc2 31. Rxf7+ Rxf7 32. Rxf7+ Qxf7 33. Nxf7 Kxf7 34. Kxc2 Ke6 0-1


[Site "https://www.chess.com"]

[Event "Titled Tuesday Blitz February 21 Late 2023"]
[White "Wang, Alexander J"]
[Black "Gasparyan, David"]
[WhiteFideId "30955270"]
[BlackFideId "13311980"]
[WhiteElo "1815"]
[BlackElo "2142"]
[Result "1/2-1/2"]
[Round "04"]
[TimeControl "180+2"]
[Date "2023.02.21"]
[WhiteClock "0:00:58"]
[BlackClock "0:00:24"]

1. e4 e5 2. Nf3 Nc6 3. Bb5 Nf6 4. O-O Nxe4 5. Re1 Nd6 6. Nxe5 Nxe5 7. Rxe5+ Be7 8. Bf1 O-O 9. d4 b5 10. Re1 Nc4 11. Bxc4 bxc4 12. c3 d5 13. Bf4 Bf5 14. Nd2 Bg5 15. Qf3 Qf6 16. Qg3 Bh4 17. Qf3 c6 18. Be5 Qg6 19. g3 Bg5 20. Bf4 h5 21. Bxg5 Qxg5 22. Qe3 Qg6 23. Nf3 Rae8 24. Ne5 Qh7 25. Qf4 Re6 26. Nf3 f6 27. Nh4 Rfe8 28. Rxe6 Bxe6 29. Re1 Bd7 30. Rxe8+ Bxe8 31. Nf5 Bd7 32. Ne3 Qb1+ 33. Kg2 Qxb2 34. Qd6 Qb7 35. h4 Qc8 36. Kh2 a6 37. Ng2 Qe8 38. Nf4 Bf5 39. Qc5 Qe1 40. Qxc6 Qxf2+ 41. Ng2 Be4 42. Qe8+ Kh7 43. Qxh5+ Kg8 44. Qe8+ Kh7 45. Qh5+ Kg8 46. Qe8+ Kh7 47. Qh5+ 1/2-1/2


[Site "https://www.chess.com"]